 Dungeon Crawl Stone Soup version 0.30-a0-800-g7c544603b3 (webtiles) character file.

Game seed: 7008280673813148179

292884 freelancePsychic the Stormcaller (level 20, -4/164 HPs)
             Began as a Barachi Air Elementalist on Feb 22, 2023.
             Was the Champion of Jiyva.
             Killed from afar by an ironbound thunderhulk (41 damage)
             ... with a bolt of lightning
             ... summoned by a worldbinder
             ... while paralysed by accursed screaming
             ... on level 3 of the Abyss.
             The game lasted 01:46:31 (45974 turns).

freelancePsychic the Stormcaller (BaAE)            Turns: 45974, Time: 01:46:32

Health: -4/164     AC: 21    Str: 17      XL:     20   Next: 35%
Magic:  36/36      EV: -1    Int: 29 (32) God:    Jiyva [******]
Gold:   1641       SH:  0    Dex: 28      Spells: 17/43 levels left

rFire   + . .      SeeInvis .    j - +4 Maxwell's thermic engine {flame, freeze}
rCold   + + .      Faith    .    a - +1 buckler {rN+}
rNeg    + + .      Spirit   .    K - +0 steam dragon scales
rPois   .          Reflect  +    q - +2 helmet
rElec   .          Harm     .    G - +2 cloak
rCorr   +          Rampage  .    Y - +1 pair of gloves of Conscience {rC+ Str+3 Dex+4 Stlth-}
Will    +....                    d - +1 pair of boots of the Spider Nest {Int+4}
Stlth   ++                       h - amulet of Noruet {Reflect Str+3 Dex+3 SH+5}
HPRegen 1.60/turn                H - ring of protection from cold
MPRegen 0.75/turn                N - ring of Uvaod {Drain rN+ rCorr Int+6 Dex+5}

@: confused, paralysed, about to teleport, ambrosia-drunk, sick, hasted
(expiring), constricted, slow
A: amphibious, slowness 1, strong legs 2, +LOS, large bone plates 2, agile 1,
fire resistance 1, sense surroundings 2, translucent skin 2, evolution 2, jelly
sensing items, jelly absorbing missiles
}: 3/15 runes: slimy, abyssal, gossamer
a: Hop, Renounce Religion, Oozemancy, Slimify


You were on level 3 of the Abyss.
You worshipped Jiyva.
Jiyva was exalted by your worship.
You visited 8 branches of the dungeon, and saw 39 of its levels.
You visited the Abyss 4 times.
You also visited: Sewer, Ossuary and Ice Cave.

You collected 2651 gold pieces.
You spent 1010 gold pieces at shops.

Inventory:

Hand Weapons
 f - the +8 whip "Snakebite" {venom, curare, rPois}
   (You found it on level 2 of the Lair of Beasts)

   rPois:     It protects you from poison.
 j - the +4 Maxwell's thermic engine (weapon) {flame, freeze}
   (You found it in an ice cave)

   It becomes more effective when it hits something.
   This effect fades over time.
Missiles
 w - 3 throwing nets
Armour
 a - a +1 buckler of positive energy (worn)
 d - the +1 pair of boots of the Spider Nest (worn) {Int+4}
   (You found it on level 4 of the Spider Nest)

   Int:       It affects your intelligence (+4).
 o - a +2 kite shield of reflection
 q - a +2 helmet (worn)
 E - a +0 tower shield of cold resistance
 G - a +2 cloak (worn)
 K - +0 steam dragon scales (worn)
 W - a +2 troll leather armour {Snorg}
 Y - the +1 pair of gloves of Conscience (worn) {rC+ Str+3 Dex+4 Stlth-}
   (You bought it in a shop on level 13 of the Dungeon)

   Str:       It affects your strength (+3).
   Dex:       It affects your dexterity (+4).
   rC:        It protects you from cold.
   Stlth:     It makes you less stealthy.
Magical Staves
 Q - a staff of fire
Jewellery
 g - a +5 ring of evasion
 h - the amulet of Noruet (around neck) {Reflect Str+3 Dex+3 SH+5}
   (You found it on level 5 of the Pits of Slime)

   [amulet of reflection]

   It reflects blocked missile attacks.
   Str:       It affects your strength (+3).
   Dex:       It affects your dexterity (+3).
   SH:        It affects your SH (+5).
 H - a ring of protection from cold (left hand)
 I - an amulet of the acrobat
 N - the ring of Uvaod (right hand) {Drain rN+ rCorr Int+6 Dex+5}
   (You found it on level 4 of the Lair of Beasts)

   [ring of intelligence]

   Int:       It affects your intelligence (+6).
   Dex:       It affects your dexterity (+5).
   rN:        It protects you from negative energy.
   rCorr:     It protects you from acid and corrosion.
   Drain:     It drains your maximum health when unequipped.
 P - the ring of Fiwnuebb {Int+3 SInv Stlth+}
   (You took it off a deep elf sorcerer on level 3 of the Elven Halls)

   [ring of see invisible]

   Int:       It affects your intelligence (+3).
   SInv:      It lets you see invisible.
   Stlth:     It makes you more stealthy.
 S - a ring of protection from cold
 T - a ring of fire
 U - a ring of protection from cold
Wands
 i - a wand of polymorph (8)
 n - a wand of flame (42)
 t - a wand of mindburst (9)
Scrolls
 c - 3 scrolls of fog
 k - 2 scrolls of silence
 m - 4 scrolls of enchant weapon
 D - 3 scrolls of immolation
 F - a scroll of brand weapon
 L - a scroll of magic mapping
 X - 6 scrolls of identify {@r1}
Potions
 b - 3 potions of magic
 l - 5 potions of ambrosia
 r - 2 potions of invisibility
 s - 8 potions of brilliance
 v - 5 potions of degeneration
 x - 2 potions of cancellation
 z - 8 potions of mutation
 A - 4 potions of flight
 B - 3 potions of attraction
 C - 2 potions of resistance
 M - 3 potions of berserk rage
 O - a potion of lignification {unknown}
 V - a potion of might
 Z - a potion of heal wounds {@q2}
Miscellaneous
 p - a tin of tremorstones (2/2)
 J - a box of beasts


   Skills:
 + Level 15.9 Fighting
 * Level 2.8 Long Blades
 - Level 1.1 Maces & Flails
 - Level 14.8 Armour
 - Level 15.0 Dodging
 - Level 9.6 Stealth
 - Level 5.0 Shields
 - Level 12.0 Spellcasting
 - Level 9.1 Conjurations
 - Level 2.8 Hexes
 - Level 9.1 Necromancy
 - Level 20.5 Air Magic
 - Level 9.9 Earth Magic


You had 17 spell levels left.
You knew the following spells:

 Your Spells              Type           Power      Damage    Failure   Level
a - Maxwell's Capacitive  Air            47%        ∞         5%          8
b - Static Discharge      Conj/Air       100%       2-7/arc   0%          2
c - Borgnjor's Vile Clut  Necr/Erth      32%        N/A       2%          5
d - Airstrike             Air            47%        2d(7-23)  0%          4
e - Arcjolt               Conj/Air       40%        1d50      1%          5
f - Searing Ray           Conj           100%       2d8       1%          2

Your spell library contained the following spells:

 Spells                   Type           Power      Damage    Failure   Level
 Shock                    Conj/Air       100%       1d9       0%          1
 Swiftness                Air            94%        N/A       0%          3
 Kiss of Death            Conj/Necr      100%       2d13      1%          1
 Magic Dart               Conj           100%       1d8       1%          1
 Necrotise                Necr           100%       1d9       1%          1
 Poisonous Vapours        Pois/Air       100%       N/A       1%          2
 Hailstorm                Conj/Ice       44%        3d10      1%          3
 Stone Arrow              Conj/Erth      100%       3d13      1%          3
 Vampiric Draining        Necr           63%        2d10      1%          3
 Vhi's Electric Charge    Tloc/Air       100%       N/A       1%          3
 Lightning Bolt           Conj/Air       40%        1d59      1%          5
 Conjure Ball Lightning   Conj/Air       40%        3x3d13    1%          6
 Agony                    Necr           63%        N/A       2%          5
 Tukima's Dance           Hex            33%        N/A       3%          3
 Fulminant Prism          Conj/Hex       25%        3d14      3%          4
 Petrify                  Tmut/Erth      46%        N/A       4%          4
 Inner Flame              Hex/Fire       25%        N/A       6%          3
 Cause Fear               Hex            16%        N/A       12%         4
 Irradiate                Conj/Tmut      22%        3d19      16%         5
 Ice Form                 Ice/Tmut       17%        N/A       36%         4
 Passage of Golubria      Tloc           17%        N/A       36%         4
 Storm Form               Tmut/Air       33%        N/A       43%         7
 Yara's Violent Unravell  Hex/Tmut       12%        3d7       52%         5
 Simulacrum               Ice/Necr       21%        N/A       67%         6
 Alistair's Intoxication  Tmut/Pois      11%        N/A       71%         5
 Eringya's Noxious Bog    Tmut/Pois      8%         N/A       99%         6
 Enfeeble                 Hex            16%        N/A       100%        7
 Discord                  Hex            16%        N/A       100%        8


Dungeon Overview and Level Annotations

Branches:
Dungeon (15/15)            Temple (1/1) D:5            Lair (5/5) D:8
 Shoals (4/4) Lair:3       Spider (4/4) Lair:3        Slime (5/5) Lair:5
    Orc (2/2) D:10            Elf (3/3) Orc:2        Vaults (0/5) D:14
 Depths (0/4) D:15          Sewer (visited)         Ossuary (visited)
  IceCv (visited)

Altars:
Ashenzari
Cheibriados
Dithmenos
Elyvilon
Fedhas
Gozag
Hepliaklqana
Kikubaaqudgha
Makhleb
Nemelex Xobeh
Okawaru
Qazlal
Ru
Sif Muna
Trog
Uskayaw
Vehumet
Wu Jian
Xom
Yredelemnul
Zin
The Shining One
Jiyva

Shops:
D:10 (   D:13 [*   D:15 [   Orc:2 ::?[   Elf:3 !

Portals:
Trove: D:12 (give horn of Geryon)

Annotations:
D:3 exclusion: quokka, Grinder
D:5 exclusion: door
D:9 exclusion: statue
Lair:4 exclusion: oklob plant
Lair:5 1 runed translucent door
Slime:5 Royal Jelly


Innate Abilities, Weirdness & Mutations

You are amphibious.
You cover ground slowly.
You can hop long distances.
You have an extended range of vision and can be seen from far away.
You are mostly covered in large bone plates. (SH +6)
You are agile. (Dex +4, Str/Int -1)
Your flesh is heat resistant. (rF+)
You passively map the area around you.
Your translucent skin reduces your foes' accuracy. (Stealth+)
You have great hidden genetic potential.
You have a small jelly attached to you that senses nearby items.
You have a small jelly attached to you that may absorb projectiles.


Message History

The thrashing horror tramples you!
You hold your ground!
The thrashing horror closely misses you.
You see a puff of smoke.
The starcursed mass touches you but does no damage.
The starcursed mass misses you.
A deafening chorus of shrieks assaults your mind!
* * * LOW HITPOINT WARNING * * *
The starspawn tentacle misses you.
You slice the tentacled starspawn!! You burn the tentacled starspawn!
You freeze the tentacled starspawn.
The tentacled starspawn is almost destroyed.
Your extra speed is starting to run out.
The starcursed mass touches you.
* * * LOW HITPOINT WARNING * * *
The starcursed mass misses you.
The starspawn tentacle barely misses you.
The worldbinder calls forth creatures from the Vaults!
You bump into the translucent stone wall.
The starcursed mass misses you.
The starcursed mass touches you but does no damage.
The starspawn tentacle grabs you. The starspawn tentacle constricts you.
The orange crystal statue fixes its piercing gaze on you.
You feel your power leaking away.
You're too confused to move!
Electricity crackles from the ironbound thunderhulk's apparatus.
The bolt of lightning misses you.
A starcursed mass splits.
A deafening chorus of shrieks assaults your mind!
* * * LOW HITPOINT WARNING * * *
You suddenly lose the ability to move!
The starcursed mass touches you but does no damage. x2
The starspawn tentacle loses its grip on you.
The tentacle pulls you backwards!
The orange crystal statue glitters.
You are more confused.
The starspawn tentacle grabs you. The starspawn tentacle constricts you.
The purple very ugly thing tentacle-slaps you!
* * * LOW HITPOINT WARNING * * *
Electricity crackles from the ironbound thunderhulk's apparatus.
The bolt of lightning hits you!!!
You die...

#.#..###⌠.⌠##.##.
.#...##....⌠##._.#
.....##⌠......##..#
.
##.##.....§.§.#..#.
##..#≈≈O⌠u..§§#W....
#
.#..#8≈OX5X5§8##....
.....#§D3XxX3§§#..#
# #.#.#XxXXuuX55# .
#X5#@#53##


#XXX#wX5# ##X#V#X## ####### ... #.## .#..## ....## #....#. You could see a bone
dragon (summoned), 8 starcursed masses, 3 very ugly things, a tentacled
starspawn, 2 ironbound thunderhulks, 2 orange crystal statues, 4 thrashing
horrors, 2 large abominations, a worldbinder, a smoke demon, a neqoxec, a
ynoxinul (summoned), a small abomination (summoned), a starspawn tentacle and 7
ufetubi.

Vanquished Creatures
  Nikola (Shoals:1)
  2 bone dragons
  Arachne (Spider:2)
  Mlioglotl (Spider:2)
  A lich (Abyss:2)
  Rupert (D:12)
  2 deep elf master archers (Elf:3)
  An Executioner (Abyss:3)
  2 deep elf blademasters (Elf:3)
  Frances (Spider:2)
  Polyphemus (Shoals:3)
  4 tentacled starspawn
  2 sphinxes (Shoals:4)
  Agnes (Spider:1)
  Kirke (D:12)
  Donald (Spider:1)
  6 deep elf sorcerers
  3 ghost moths
  4 emperor scorpions
  4 deep elf elementalists
  3 reapers
  A cacodemon (Abyss:3)
  7 broodmothers (Spider:4)
  A stone giant (D:15)
  A very ugly thing (Abyss:2)
  2 deep elf demonologists (Elf:3)
  Azrael (Orc:1)
  4 deep elf annihilators
  Snorg (Orc:2)
  A minotaur (Shoals:4)
  2 spark wasps
  An eidolon (Abyss:3)
  A merfolk javelineer (Shoals:4)
  4 deep elf death magi
  An entropy weaver (shapeshifter) (D:14)
  A deep elf high priest (Elf:3)
  A fire dragon (Lair:5)
  3 merfolk impalers
  Josephine (D:14)
  4 entropy weavers
  An ice dragon (Spider:1)
  2 merfolk avatars
  3 ogre magi
  6 hydras
  A catoblepas (Shoals:4)
  2 merfolk aquamancers
  5 radroaches
  9 death yaks
  5 centaur warriors
  An alligator snapping turtle (Shoals:2)
  9 dancing weapons
  A naga warrior (Abyss:2)
  9 two-headed ogres
  A death scarab (Spider:3)
  10 satyrs
  2 hell hogs (Abyss:3)
  5 tengu warriors
  5 boulder beetles
  An orc high priest (Elf:1)
  Urug (Lair:5)
  Nergalle (D:12)
  5 thrashing horrors
  5 skysharks
  Sonja (Orc:2)
  6 deep elf knights
  2 pharaoh ants
  2 sun moths
  3 skeletal warriors
  2 wretched stars (Abyss:2)
  13 sea snakes
  A sixfirhy (Abyss:3)
  A shadow wraith (Abyss:3)
  A flayed ghost (Abyss:2)
  12 orb spiders
  An obsidian statue (IceCv)
  10 deep elf archers
  3 spriggan simulacra (IceCv)
  A bog body (IceCv)
  5 steelbarb worms
  17 deep elf zephyrmancers
  An orc knight (D:10)
  A swamp dragon (Lair:5)
  19 deep elf pyromancers
  33 harpies
  A wizard (D:10)
  A lindwurm (Lair:5)
  Pikel (D:7)
  3 ugly things
  19 wolf spiders
  10 orc sorcerers
  A salamander (shapeshifter) (Abyss:3)
  6 fauns
  16 manticores
  3 cyclopes
  A worldbinder (Abyss:3)
  23 elephants
  A moth of wrath (Spider:2)
  3 black mambas
  A moth of wrath (shapeshifter) (Elf:1)
  3 merfolk sirens
  5 demonic crawlers
  2 water nymphs (Shoals:3)
  4 smoke demons
  An orange demon (Abyss:2)
  8 torpor snails
  A guardian serpent (Abyss:2)
  3 gargoyles
  11 cane toads
  A rime drake (Lair:3)
  2 unseen horrors (D:13)
  Psyche (D:12)
  9 komodo dragons
  2 tengu conjurers (D:15)
  A golden dragon simulacrum (IceCv)
  8 freezing wraiths
  4 ice devils (IceCv)
  6 ancient zymes
  26 merfolk
  A meliai (Spider:4)
  6 hornets
  3 tyrant leeches (Lair:5)
  11 large abominations
  6 trolls
  3 wind drakes
  3 polar bears
  9 snapping turtles
  7 raiju (Abyss:2)
  10 blink frogs
  6 dream sheep
  21 tarantellas
  A stone giant simulacrum (Abyss:2)
  A flying skull (Abyss:2)
  11 jumping spiders
  2 shadows
  8 wraiths
  5 wyverns
  12 water elementals
  2 fire elementals (Orc:2)
  63 yaks
  13 culicivoras
  4 air elementals
  A dire elephant simulacrum (IceCv)
  7 basilisks
  33 redbacks
  15 vampire mosquitoes
  4 minotaur simulacra (IceCv)
  6 steam dragons
  2 chaos spawn
  2 neqoxecs (Abyss:3)
  A harpy simulacrum (IceCv)
  22 water moccasins
  Duvessa (D:7)
  4 acid dragons
  5 hell hounds
  10 orc warriors
  2 ice beasts
  A sky beast (D:7)
  2 alligator simulacra (IceCv)
  2 swamp drakes (Lair:5)
  4 black bears
  An ettin simulacrum (IceCv)
  5 small abominations
  17 centaurs
  12 ogres
  10 wolves
  2 phantoms
  3 lemures (D:7)
  4 kobold brigands
  20 bullfrogs
  A deep troll simulacrum (IceCv)
  3 necrophages
  4 earth elementals
  9 scorpions
  2 wights (D:9)
  A lindwurm simulacrum (IceCv)
  Dowan (D:7)
  6 killer bees (D:8)
  6 howler monkeys
  5 electric eels
  2 crimson imps
  3 centaur zombies (Ossuary)
  5 hounds
  A jelly (Spider:4)
  7 orc priests
  Crazy Yiuf (D:7)
  An iron imp (Abyss:3)
  8 iguanas
  7 scorpion zombies (Ossuary)
  25 orc wizards
  3 mummies (Ossuary)
  Robin (D:2)
  3 gnolls (D:4)
  10 adders
  4 river rats
  A white imp (D:6)
  2 ufetubi
  A worm (D:2)
  5 dart slugs
  40 orcs
  8 bats
  4 endoplasms
  3 giant cockroaches
  9 goblins (D:2)
  7 hobgoblins
  6 quokkas
  10 ball pythons
  10 frilled lizards
  A hobgoblin zombie (Ossuary)
  25 kobolds
  3 kobold zombies (Ossuary)
  2 orc zombies (Ossuary)
  19 rats
  2 starspawn tentacles (Abyss:3)
1177 creatures vanquished.

Vanquished Creatures (collateral kills)
  An entropy weaver (Spider:2)
  An alligator snapping turtle (Shoals:4)
  A deep elf pyromancer (Elf:1)
  A deep elf zephyrmancer (Elf:1)
  A tyrant leech (Lair:5)
  A hornet (Lair:5)
  A redback (Spider:2)
7 creatures vanquished.

Vanquished Creatures (others)
  A tentacled starspawn (Abyss:3)
  A very ugly thing (Abyss:3)
  2 great orbs of eyes (Abyss:2)
  A dancing weapon (Elf:1)
  A death yak (Shoals:4)
  5 glowing orange brains
  A deep elf archer (Elf:1)
  A steelbarb worm (Spider:2)
  A harpy (Shoals:4)
  A deep elf zephyrmancer (Elf:1)
  2 eyes of devastation
  A merfolk (shapeshifter) (D:9)
  3 slime creatures (D:12)
  A fire elemental (Elf:1)
  A golden eye (Abyss:3)
  A golden eye (shapeshifter) (Abyss:3)
  A large abomination (Abyss:3)
  2 neqoxecs (Abyss:3)
  A kobold brigand (D:9)
  4 electric eels (D:10)
  2 howler monkeys (D:9)
  128 jellies
  3 orc priests
  3 orc wizards
  5 orcs
  4 kobolds
  4 fulminant prisms (Lair:5)
  91 fungi
  254 plants
  21 starspawn tentacles
  2 withered plants (D:6)
549 creatures vanquished.

Grand Total: 1733 creatures vanquished

Notes
Turn   | Place    | Note
-------+----------+-------------------------------------------
     0 | D:1      | freelancePsychic the Barachi Air Elementalist began the
                  | quest for the Orb.
     0 | D:1      | Reached XP level 1. HP: 13/13 MP: 3/3
   290 | D:1      | Reached XP level 2. HP: 19/19 MP: 1/5
   789 | D:1      | Reached XP level 3. HP: 24/24 MP: 4/6
  1344 | D:2      | Reached skill level 4 in Air Magic
  1406 | D:2      | Learned a level 2 spell: Static Discharge
  1756 | D:2      | Reached XP level 4. HP: 30/30 MP: 2/7
  2117 | D:2      | Noticed Robin
  2226 | D:2      | Killed Robin
  3280 | D:3      | Reached XP level 5. HP: 36/36 MP: 6/8
  3363 | D:3      | Noticed Grinder
  3643 | D:4      | Found a glowing drain.
  3658 | D:4      | Reached skill level 1 in Fighting
  3701 | Sewer    | Entered a sewer
  3800 | Sewer    | Reached skill level 5 in Air Magic
  4339 | D:4      | Reached XP level 6. HP: 40/44 MP: 2/9
  4552 | D:4      | Found a blossoming altar of Fedhas.
  4643 | D:4      | Found a shadowy altar of Dithmenos.
  5042 | D:5      | Entered Level 5 of the Dungeon
  5059 | D:5      | Reached XP level 7. HP: 40/52 MP: 0/10
  5159 | D:5      | Learned a level 4 spell: Airstrike
  5338 | D:5      | Found a snail-covered altar of Cheibriados.
  5498 | D:5      | Reached skill level 6 in Air Magic
  5605 | D:5      | Reached skill level 5 in Stealth
  5973 | D:5      | Found a staircase to the Ecumenical Temple.
  5984 | Temple   | Entered the Ecumenical Temple
  6201 | D:5      | Reached skill level 5 in Fighting
  6201 | D:5      | Reached XP level 8. HP: 58/62 MP: 11/11
  6689 | D:6      | Found a basalt altar of Yredelemnul.
  6723 | D:6      | Reached skill level 7 in Air Magic
  7349 | D:6      | Found an ancient bone altar of Kikubaaqudgha.
  7455 | D:6      | Reached skill level 8 in Air Magic
  7533 | D:7      | Noticed Pikel
  7534 | D:7      | Noticed a wyvern
  7537 | D:7      | Found an ornate altar of the Wu Jian Council.
  7566 | D:7      | Noticed Dowan
  7567 | D:7      | Noticed Duvessa
  7571 | D:7      | Reached XP level 9. HP: 72/72 MP: 12/12
  7574 | D:7      | Learned a level 2 spell: Searing Ray
  7605 | D:7      | Found a sand-covered staircase.
  7610 | Ossuary  | Entered an ossuary
  8884 | D:7      | Killed Pikel
  8885 | D:7      | Reached skill level 5 in Conjurations
  9114 | D:7      | Reached XP level 10. HP: 65/85 MP: 9/15
  9289 | D:7      | Killed Duvessa
  9290 | D:7      | Reached skill level 10 in Fighting
  9295 | D:7      | Killed Dowan
  9580 | D:7      | Found a runed translucent door.
  9581 | D:7      | Noticed Crazy Yiuf
  9652 | D:7      | Killed Crazy Yiuf
 11154 | D:8      | Found a staircase to the Lair.
 11480 | D:8      | Reached skill level 1 in Hexes
 11497 | D:8      | Reached XP level 11. HP: 35/95 MP: 2/17
 11507 | D:8      | Learned a level 4 spell: Fulminant Prism
 12189 | D:9      | Noticed a two-headed ogre
 12206 | D:9      | Killed a two-headed ogre
 12411 | Lair:1   | Entered Level 1 of the Lair of Beasts
 12514 | Lair:1   | Reached skill level 9 in Air Magic
 13453 | Lair:1   | Reached skill level 10 in Air Magic
 14590 | Lair:2   | Reached skill level 5 in Spellcasting
 14901 | Lair:2   | Reached XP level 12. HP: 107/107 MP: 1/19
 15843 | Lair:2   | Found the +8 whip "Snakebite" {venom, curare, rPois}
 16005 | Lair:2   | Noticed a six-headed hydra
 16141 | Lair:2   | Killed a six-headed hydra
 16350 | Lair:2   | Reached skill level 11 in Air Magic
 16681 | Lair:3   | Found a hole to the Spider Nest.
 16742 | Lair:3   | Reached skill level 5 in Dodging
 16843 | Lair:3   | Noticed a six-headed hydra
 16849 | Lair:3   | Killed a six-headed hydra
 17665 | Lair:3   | Found a staircase to the Shoals.
 18311 | Lair:4   | Found a blossoming altar of Fedhas.
 18484 | Lair:4   | Reached skill level 15 in Fighting
 18937 | Lair:4   | Gained mutation: You can hop long distances. [Barachi
                  | growth]
 18937 | Lair:4   | Reached XP level 13. HP: 100/115 MP: 20/24
 19183 | Lair:4   | Reached skill level 12 in Air Magic
 19495 | Lair:4   | Identified the ring of Uvaod {Drain rN+ rCorr Int+6 Dex+5}
 19503 | Lair:4   | Identified the +1 ring mail "Jadyg" {rF- rN+++ Will- Str+5}
 19750 | Lair:5   | Entered Level 5 of the Lair of Beasts
 20600 | Lair:5   | Noticed Urug
 20611 | Lair:5   | Killed Urug
 20927 | Lair:5   | Found a runed translucent door.
 20928 | Lair:5   | Found a viscous altar of Jiyva.
 20928 | Lair:5   | Noticed an acid blob
 20930 | Lair:5   | Noticed an acid blob
 20931 | Lair:5   | Found a staircase to the Slime Pits.
 20937 | Lair:5   | Noticed an acid blob
 21973 | Lair:5   | Reached skill level 10 in Dodging
 21973 | Lair:5   | Reached XP level 14. HP: 99/124 MP: 16/26
 23739 | Lair:5   | Found a runed translucent door.
 23942 | Lair:5   | Became a worshipper of Jiyva Joodoum the Shapeless
 26594 | D:9      | Found a radiant altar of Vehumet.
 26894 | D:9      | Found a shimmering altar of Xom.
 26926 | D:9      | Found a stormy altar of Qazlal.
 26927 | D:9      | Found a sacrificial altar of Ru.
 27072 | D:10     | Entered Level 10 of the Dungeon
 27083 | D:10     | Reached skill level 1 in Shields
 27220 | D:10     | Found a sparkling altar of Nemelex Xobeh.
 27220 | D:10     | Found a hazy altar of Hepliaklqana.
 27221 | D:10     | Found an iron altar of Okawaru.
 27317 | D:10     | Found a staircase to the Orcish Mines.
 27319 | D:10     | Found Sagovytis's Weapon Emporium.
 27478 | D:10     | Found a hide-covered altar of Uskayaw.
 27725 | D:10     | Reached * piety under Jiyva
 27796 | Abyss:2  | Cast into level 2 of the Abyss (a wizard)
 27848 | Abyss:2  | Found a corrupted altar of Lugonu.
 27915 | Abyss:2  | Noticed a tentacled starspawn
 27921 | Abyss:2  | Found a corrupted altar of Lugonu.
 27976 | Abyss:2  | Killed a tentacled starspawn
 28146 | Abyss:2  | Found a corrupted altar of Lugonu.
 28201 | Abyss:2  | Noticed a starcursed mass
 28209 | Abyss:2  | Noticed a bone dragon
 28229 | Abyss:2  | Noticed a starcursed mass
 28237 | Abyss:2  | Noticed a tentacled starspawn
 28265 | Abyss:2  | Noticed a lich
 28279 | Abyss:2  | Killed a lich
 28281 | Abyss:2  | Noticed a starcursed mass
 28291 | Abyss:2  | Reached ** piety under Jiyva
 28335 | Abyss:2  | Reached XP level 15. HP: 100/130 MP: 27/27
 28369 | D:10     | Escaped the Abyss
 28509 | D:10     | Reached skill level 1 in Maces & Flails
 29192 | D:11     | You fall into a shaft and drop 1 floor!
 29201 | D:12     | Noticed Nergalle
 29210 | D:12     | Killed Nergalle
 29226 | D:12     | Reached *** piety under Jiyva
 29328 | D:12     | Noticed Psyche
 29331 | D:12     | Killed Psyche
 29438 | D:11     | Reached skill level 15 in Dodging
 29817 | D:12     | Found a portal to a secret trove of treasure.
 29924 | D:12     | Noticed Rupert
 30100 | Orc:1    | Entered Level 1 of the Orcish Mines
 30240 | D:10     | Reached skill level 1 in Earth Magic
 30252 | D:10     | Reached skill level 1 in Necromancy
 30398 | Orc:2    | Entered Level 2 of the Orcish Mines
 30398 | Orc:2    | Gained mutation: You are strong-willed. (Will+) [Jiyva's
                  | grace]
 30398 | Orc:2    | Gained mutation: You are highly strong-willed. (Will++)
                  | [Jiyva's grace]
 30398 | Orc:2    | Gained mutation: You are extremely strong-willed. (Will+++)
                  | [Jiyva's grace]
 30398 | Orc:2    | Gained mutation: You have sharp toenails. [Jiyva's grace]
 30411 | Orc:2    | Noticed Sonja
 30413 | Orc:2    | Killed Sonja
 30414 | Orc:2    | Reached skill level 5 in Shields
 30425 | Orc:2    | Found a staircase to the Elven Halls.
 30442 | Orc:2    | Noticed Azrael
 30502 | Orc:1    | Killed Azrael
 30852 | Orc:2    | Reached **** piety under Jiyva
 31073 | Orc:2    | Found Ysonnij's Book Shoppe.
 31099 | Orc:2    | Found Eggacw's Antique Armour Emporium.
 31126 | Orc:2    | Found an ancient bone altar of Kikubaaqudgha.
 31127 | Orc:2    | Noticed Snorg
 31219 | Orc:2    | Killed Snorg
 31274 | Orc:2    | Found Eluhung's Book Emporium.
 31362 | Orc:2    | Found Posiets's Magic Scroll Emporium.
 31389 | Orc:2    | Found a radiant altar of Vehumet.
 31522 | D:12     | Killed Rupert
 31598 | D:12     | Noticed Kirke
 31614 | D:12     | Killed Kirke
 31856 | D:12     | Reached skill level 5 in Earth Magic
 32238 | D:13     | Reached skill level 5 in Necromancy
 32359 | D:13     | Reached ***** piety under Jiyva
 32381 | D:13     | Found Zin's Purification Station.
 32383 | D:13     | Found a glowing silver altar of Zin.
 32440 | D:13     | Found Beuhal's Armour Boutique.
 32443 | D:13     | Bought the +1 pair of gloves of Conscience {rC+ Str+3 Dex+4
                  | Stlth-} for 478 gold pieces
 32496 | D:13     | Learned a level 5 spell: Borgnjor's Vile Clutch
 32536 | D:14     | Noticed Josephine
 32542 | D:14     | Killed Josephine
 32721 | D:14     | Lost mutation: You have sharp toenails. [Jiyva's grace]
 32721 | D:14     | Gained mutation: Your translucent skin slightly reduces
                  | your foes' accuracy. (Stealth+) [Jiyva's grace]
 32721 | D:14     | Gained mutation: Your translucent skin reduces your foes'
                  | accuracy. (Stealth+) [Jiyva's grace]
 32721 | D:14     | Gained mutation: Your transparent skin significantly
                  | reduces your foes' accuracy. (Stealth+) [Jiyva's grace]
 32721 | D:14     | Gained mutation: You are robust. (+10% HP) [Jiyva's grace]
 32931 | D:14     | Found a gate to the Vaults.
 32961 | D:14     | Reached XP level 16. HP: 150/150 MP: 28/28
 33374 | D:15     | Entered Level 15 of the Dungeon
 33805 | D:15     | Found a staircase to the Depths.
 33986 | D:15     | Found Vishabakagh's Dragon-Slaying Spoils.
 34237 | Elf:1    | Entered Level 1 of the Elven Halls
 34500 | Elf:1    | Found a shimmering blue altar of Sif Muna.
 34901 | Elf:1    | Gained mutation: Your muscles are strong. (Str +4, Int/Dex
                  | -1) [Jiyva's grace]
 34901 | Elf:1    | Gained mutation: Your muscles are very strong. (Str +8,
                  | Int/Dex -2) [Jiyva's grace]
 34901 | Elf:1    | Gained mutation: Your rubbery body absorbs attacks. (AC +1,
                  | EV +1) [Jiyva's grace]
 34901 | Elf:1    | Gained mutation: Your pliable body absorbs attacks. (AC +2,
                  | EV +2) [Jiyva's grace]
 35064 | Elf:1    | Reached ****** piety under Jiyva
 35088 | Elf:1    | Paralysed by an air elemental for 1 turns
 35091 | Elf:1    | Paralysed by an air elemental for 1 turns
 35096 | Elf:1    | Paralysed by an air elemental for 1 turns
 35101 | Elf:1    | Paralysed by an air elemental for 1 turns
 35172 | Elf:1    | Paralysed by an air elemental for 1 turns
 35264 | Elf:1    | Identified the +2 great sword of the Imperium {drain,
                  | Fragile rPois rF+ Dex+5}
 35272 | Elf:1    | Identified the +1 pair of gloves of Resourcefulness {rC++
                  | rN+ Int-5}
 35578 | Slime:1  | Entered Level 1 of the Pits of Slime
 35578 | Slime:1  | Noticed a rockslime
 35579 | Slime:1  | Noticed an acid blob
 35677 | Slime:2  | Noticed a rockslime
 35681 | Slime:2  | Noticed an acid blob
 35713 | Slime:2  | Noticed an azure jelly
 35734 | Slime:2  | Noticed an acid blob
 35749 | Slime:2  | Noticed an azure jelly
 35763 | Slime:2  | Noticed an azure jelly
 35776 | Slime:2  | Noticed an acid blob
 35829 | Slime:3  | Noticed a rockslime
 35829 | Slime:3  | Noticed an azure jelly
 35834 | Slime:3  | Noticed an azure jelly
 35840 | Slime:4  | Noticed an acid blob
 35968 | Slime:5  | Entered Level 5 of the Pits of Slime
 35968 | Slime:5  | Noticed an azure jelly
 35968 | Slime:5  | Noticed an acid blob
 35982 | Slime:5  | Found a viscous altar of Jiyva.
 35982 | Slime:5  | Noticed an acid blob
 35983 | Slime:5  | Noticed an acid blob
 35983 | Slime:5  | Noticed an acid blob
 35983 | Slime:5  | Noticed an acid blob
 35983 | Slime:5  | Noticed an acid blob
 35983 | Slime:5  | Noticed the Royal Jelly
 35987 | Slime:5  | Noticed a rockslime
 35988 | Slime:5  | Noticed an acid blob
 35991 | Slime:5  | Got the Writings on Scintillating Cleavage
 35993 | Slime:5  | Identified the amulet of Noruet {Reflect Str+3 Dex+3 SH+5}
 36007 | Slime:5  | Got a slimy rune of Zot
 36017 | Slime:5  | Got Jeineg's Book of Limned Lightning
 36029 | Slime:5  | Identified the +9 flail of Fuerupt {speed, rElec rCorr
                  | Dex+2}
 36076 | Slime:5  | Noticed an acid blob
 36224 | Slime:5  | Noticed an azure jelly
 36661 | Orc:2    | Bought Maxwell's Memoranda for 532 gold pieces
 36667 | Orc:2    | Learned a level 5 spell: Arcjolt
 36676 | Orc:2    | Learned a level 8 spell: Maxwell's Capacitive Coupling
 36920 | Spider:1 | Entered Level 1 of the Spider Nest
 37033 | Spider:1 | Reached skill level 13 in Air Magic
 37078 | Spider:1 | Found a frozen archway.
 37109 | IceCv    | Entered an ice cave
 37215 | IceCv    | Reached XP level 17. HP: 156/157 MP: 12/29
 37304 | IceCv    | Found the +1 Delatra's gloves {ID++}
 37396 | IceCv    | Reached skill level 14 in Air Magic
 37541 | IceCv    | Found the +2 Maxwell's thermic engine {flame, freeze}
 37662 | Spider:1 | Noticed Donald
 37673 | Spider:1 | Killed Donald
 38101 | Spider:1 | Noticed Agnes
 38108 | Spider:1 | Killed Agnes
 38109 | Spider:1 | Reached skill level 15 in Air Magic
 38585 | Spider:2 | Noticed Frances
 38599 | Spider:2 | Killed Frances
 38628 | Spider:2 | Noticed Arachne
 38649 | Spider:2 | Killed Arachne
 38650 | Spider:2 | Reached skill level 16 in Air Magic
 38880 | Spider:2 | Noticed Mlioglotl
 38898 | Spider:2 | Killed Mlioglotl
 39500 | Spider:3 | Reached skill level 17 in Air Magic
 40044 | Spider:4 | Entered Level 4 of the Spider Nest
 40167 | Spider:4 | Reached skill level 18 in Air Magic
 40232 | Spider:4 | Lost mutation: You are extremely strong-willed. (Will+++)
                  | [Jiyva's grace]
 40232 | Spider:4 | Lost mutation: You are highly strong-willed. (Will++)
                  | [Jiyva's grace]
 40232 | Spider:4 | Lost mutation: You are strong-willed. (Will+) [Jiyva's
                  | grace]
 40232 | Spider:4 | Lost mutation: You are robust. (+10% HP) [Jiyva's grace]
 40232 | Spider:4 | Lost mutation: Your pliable body absorbs attacks. (AC +2,
                  | EV +2) [Jiyva's grace]
 40232 | Spider:4 | Lost mutation: Your transparent skin significantly reduces
                  | your foes' accuracy. (Stealth+) [Jiyva's grace]
 40232 | Spider:4 | Gained mutation: You passively map a small area around you.
                  | [Jiyva's grace]
 40232 | Spider:4 | Gained mutation: You passively map the area around you.
                  | [Jiyva's grace]
 40232 | Spider:4 | Gained mutation: You passively map a large area around you.
                  | [Jiyva's grace]
 40232 | Spider:4 | Gained mutation: You have a small jelly attached to you
                  | that senses nearby items. [Jiyva's grace]
 40332 | Spider:4 | Reached XP level 18. HP: 148/151 MP: 25/30
 40518 | Spider:4 | Reached skill level 19 in Air Magic
 40775 | Spider:4 | Identified the +1 pair of boots of the Spider Nest {Int+4}
 40803 | Spider:4 | Got a gossamer rune of Zot
 41078 | Shoals:1 | Entered Level 1 of the Shoals
 41100 | Shoals:1 | Reached skill level 1 in Armour
 41237 | Shoals:1 | Noticed Nikola
 41241 | Shoals:1 | Killed Nikola
 41742 | Shoals:2 | Reached skill level 5 in Armour
 42156 | Shoals:2 | Lost mutation: You passively map a large area around you.
                  | [Jiyva's grace]
 42156 | Shoals:2 | Lost mutation: Your muscles are very strong. (Str +8,
                  | Int/Dex -2) [Jiyva's grace]
 42156 | Shoals:2 | Lost mutation: Your rubbery body absorbs attacks. (AC +1,
                  | EV +1) [Jiyva's grace]
 42156 | Shoals:2 | Gained mutation: You are agile. (Dex +4, Str/Int -1)
                  | [Jiyva's grace]
 42156 | Shoals:2 | Gained mutation: You are very agile. (Dex +8, Str/Int -2)
                  | [Jiyva's grace]
 42156 | Shoals:2 | Gained mutation: You are partially covered in large bone
                  | plates. (SH +4) [Jiyva's grace]
 42156 | Shoals:2 | Gained mutation: You are mostly covered in large bone
                  | plates. (SH +6) [Jiyva's grace]
 42235 | Shoals:2 | Reached skill level 10 in Spellcasting
 42689 | Shoals:3 | Reached XP level 19. HP: 144/157 MP: 23/33
 43079 | Shoals:4 | Entered Level 4 of the Shoals
 43087 | Shoals:4 | Noticed Polyphemus
 43172 | Shoals:3 | Killed Polyphemus
 43382 | Shoals:4 | Reached skill level 20 in Air Magic
 43403 | Shoals:4 | Paralysed by a sphinx for 3 turns
 43841 | Elf:1    | Paralysed by an air elemental for 1 turns
 43847 | Elf:1    | Paralysed by an air elemental for 1 turns
 43885 | Elf:2    | Reached skill level 10 in Armour
 44133 | Elf:3    | Entered Level 3 of the Elven Halls
 44255 | Elf:3    | Found Dughi's Distillery.
 44853 | Elf:3    | Identified the ring of Fiwnuebb {Int+3 SInv Stlth+}
 44870 | Abyss:2  | Found a corrupted altar of Lugonu.
 44870 | Abyss:2  | Cast into level 2 of the Abyss (a deep elf demonologist)
 45157 | Abyss:2  | Noticed a bone dragon
 45162 | Abyss:2  | Killed a bone dragon
 45194 | Elf:3    | Escaped the Abyss
 45209 | Abyss:3  | Cast into level 3 of the Abyss (a deep elf demonologist)
 45253 | Abyss:3  | Reached XP level 20. HP: 68/164 MP: 18/36
 45300 | Abyss:3  | Noticed a bone dragon
 45358 | Abyss:3  | Killed a bone dragon
 45376 | Abyss:3  | Found a corrupted altar of Lugonu.
 45444 | Elf:3    | Escaped the Abyss
 45496 | Elf:3    | Identified the ring of Gozag's Indignation {+Blink rElec
                  | rF- rN+ MP+9}
 45503 | Elf:3    | Identified the +1 plate armour of Wiazoud {Will++ rCorr}
 45503 | Elf:3    | Identified the ring of Doarih {MP+9 Str+4}
 45513 | Elf:3    | Identified the ring "Kofisoz" {Drain rN+ Int+2 Dex+8}
 45547 | Abyss:3  | Cast into level 3 of the Abyss (a deep elf demonologist)
 45597 | Abyss:3  | Lost mutation: You are very agile. (Dex +8, Str/Int -2)
                  | [Jiyva's grace]
 45597 | Abyss:3  | Lost mutation: Your muscles are strong. (Str +4, Int/Dex
                  | -1) [Jiyva's grace]
 45597 | Abyss:3  | Gained mutation: You have hidden genetic potential.
                  | [Jiyva's grace]
 45597 | Abyss:3  | Gained mutation: You have great hidden genetic potential.
                  | [Jiyva's grace]
 45597 | Abyss:3  | Gained mutation: You have a small jelly attached to you
                  | that may absorb projectiles. [Jiyva's grace]
 45597 | Abyss:3  | Gained mutation: Your flesh is heat resistant. (rF+)
                  | [Jiyva's grace]
 45700 | Abyss:3  | Found a corrupted altar of Lugonu.
 45707 | Abyss:3  | Found a corrupted altar of Lugonu.
 45739 | Abyss:3  | Found a hazy altar of Hepliaklqana.
 45774 | Abyss:3  | Found a corrupted altar of Lugonu.
 45777 | Abyss:3  | Found a corrupted altar of Lugonu.
 45777 | Abyss:3  | Found a corrupted altar of Lugonu.
 45858 | Abyss:3  | Reached skill level 1 in Long Blades
 45940 | Abyss:3  | Found a corrupted altar of Lugonu.
 45941 | Abyss:3  | Paralysed by accursed screaming for 1 turns
 45952 | Abyss:3  | Got an abyssal rune of Zot
 45964 | Abyss:3  | Found a corrupted altar of Lugonu.
 45973 | Abyss:3  | Noticed a bone dragon
 45973 | Abyss:3  | Paralysed by accursed screaming for 1 turns
 45974 | Abyss:3  | Killed from afar by an ironbound thunderhulk

Illustrated notes

Levels and vault maps discovered:
D:1:      sevenhm_arrival_forest_fort_large_2, layout_basic, minmay_heptomino_w4
D:2:      layout_loops_ring, uniq_robin
D:3:      layout_basic, kennysheep_generic_room_14, uniq_grinder
D:4:      layout_cave_pools, mainiacjoe_overflow_boulevard,
          nicolae_overflow_hidden_temple, portal_sewer_entry_a,
          hangedman_abyss_or_decor_jellyfish_corner
D:5:      cheibrodos_two_vegetables, layout_loops_corners,
          amcnicky_altar_gilded, minmay_temple_entry_antechambers
D:6:      layout_loops_ring, yredelemnul_altar_generic,
          kiku_gazebo_garden_becter
D:7:      layout_basic, nicolae_wu_jian_wuxing_cycle, enter_ossuary_1,
          uniq_pikel, uniq_duvessa, uniq_crazy_yiuf_cottage
D:8:      layout_layer_cave, due_lair_maze_entry_diamond, amethyst_killhole,
          st_stairs_1, nicolae_elevator_lobby_asterisk
D:9:      minmay_the_grid_triangle_9x9_rhombus_thin_mashed
          [minmay_the_grid_triangle_9x9_thin_v,
          minmay_the_grid_triangle_9x9_prize_center,
          minmay_the_grid_triangle_9x9_alien,
          minmay_the_grid_triangle_9x9_flanged_cone], layout_rooms,
          gammafunk_temple_overflow_statue, mainiacjoe_overflow_alcove_2,
          vehumet_statue, serial_corexii_hall, chequers_hall_statues_corner_a,
          chequers_hall_statues_wall_a, corexii_hall_statues_u,
          corexii_hall_statues_u, kennysheep_generic_room_10
D:10:     layout_basic, gammafunk_temple_overflow_claw,
          mainiacjoe_overflow_surrounded_room, orc_david_3, lightli_wizard_tower
D:11:     layout_roguey
D:12:     layout_loops_ring, trove_entry_hex_spiral, uniq_nergalle, uniq_rupert,
          uniq_kirke, uniq_psyche
D:13:     layout_roguey, serial_shops, nicolae_shop_hallway_stairs, zin_purify
D:14:     layout_long_grid, erik_vaults_1, uniq_josephine
D:15:     grunt_enter_depths_snipers, layout_loops_ring,
          nicolae_shop_dragon_depot
Temple:   nicolae_temple_colour_theory
Lair:1:   layout_chaotic_city, evilmike_ambush [evilmike_ambush_outer_basic,
          evilmike_ambush_inner_cross]
Lair:2:   minmay_guarded_unrand_snakebite, layout_regular_city,
          pdpol_lair_cavern_descent
Lair:3:   layout_roguey, minmay_shoals_entry_hut, spider_nest_entry_web_field,
          enter_volcano_1
Lair:4:   layout_gridlike, hangedman_tree_tricks,
          chequers_serial_rivers_micro_d, grunt_megastairs_2
Lair:5:   wormcave, layout_small_grid, guppyfry_lair_end_dragon, slime_entry_2,
          grunt_megastairs_5, uniq_urug
Shoals:1: layout_shoals, uniq_nikola
Shoals:2: layout_shoals
Shoals:3: cheibrodos_shoals_roost, layout_shoals
Shoals:4: shoals_end_hellmonk_lost_city, uniq_polyphemus
Spider:1: layout_spider_delve, portal_ice_cave_entry_dragon, drop_trap,
          uniq_agnes, uniq_donald
Spider:2: layout_spider_delve, nicolae_spider_webbed_stairs, uniq_mlioglotl,
          uniq_arachne, uniq_frances
Spider:3: layout_spider_delve
Spider:4: hellmonk_spider_rune_endless_swarm
Slime:1:  cheibrodos_slime_lost_civilization_8, layout_caves,
          nicolae_slime_phagocytosis
Slime:2:  cheibrodos_slime_lost_civilization_2, layout_caves
Slime:3:  layout_caves
Slime:4:  layout_caves
Slime:5
Orc:1:    nicolae_orc_accident_3, layout_diamond_mine, basic_altar,
          serial_shops, nicolae_shop_hallway_plus, nicolae_shop_crystal, shop,
          shop_statue
Orc:2:    kennysheep_orc_mage_school, layout_caves, special_room, uniq_snorg,
          uniq_sonja, uniq_azrael
Elf:1:    eino_elf_arrival_customs, layout_geoelf_diagonals, basic_altar,
          hangedman_corner_corridor
Elf:2:    elven_hall_of_blades_hangedman_original [nooodl_blade_entry_preview],
          layout_loops_corners, minmay_shop_grove
Elf:3:    elf_hall_gauntlet_wide, layout_geoelf_diagonals, serial_shops, shop
Abyss:3:  base: D:8, base: Volcano, base: Slime:1, doesnt_abyss_rune_brain_food,
          doesnt_abyss_rune_brain_food, minivault_24

Skill      XL: |  1  2  3  4  5  6  7  8  9 10 11 12 13 14 15 16 17 18 19 20 |
---------------+-------------------------------------------------------------+-----
Stealth        | 2 3 4 5 6 8 9 |  9.6
Air Magic      | 4 5 6 8 10 11 12 13 18 19 20 | 20.5
Fighting       | 2 3 5 7 9 12 14 15 | 15.9
Conjurations   | 5 8 9 |  9.1
Spellcasting   | 3 4 5 7 8 10 12 | 12.0
Hexes          | 2 |  2.8
Dodging        | 3 6 10 14 15 | 15.0
Shields        | 3 5 |  5.0
Maces & Flails | 1 |  1.1
Earth Magic    | 6 9 |  9.9
Necromancy     | 6 9 |  9.1
Armour         | 7 12 14 | 14.8
Long Blades    | 2 |  2.8

Action                     |  1- 3 |  4- 6 |  7- 9 | 10-12 | 13-15 | 16-18 | 19-21 || total
---------------------------+-------+-------+-------+-------+-------+-------+-------++-------
  Melee: Dagger            |     8 |       |       |       |       |       |       ||     8
         Long sword        |     5 |    75 |   276 |   247 |       |       |       ||   603
         Punch             |     1 |       |     5 |     6 |    14 |       |       ||    26
         Whip              |       |       |       |   142 |  1072 |  1159 |   293 ||  2666
         Double sword      |       |       |       |       |       |       |    14 ||    14
  Throw: Dart              |       |     1 |     2 |       |     6 |       |       ||     9
         Throwing net      |       |       |     1 |       |     1 |       |       ||     2
   Cast: Shock             |    68 |    73 |    11 |       |       |       |       ||   152
         Static Discharge  |       |    21 |    32 |    33 |    23 |       |       ||   109
         Searing Ray       |       |       |    12 |    28 |     7 |       |       ||    47
         Airstrike         |       |       |       |   129 |   329 |     6 |     6 ||   470
         Fulminant Prism   |       |       |       |       |     4 |       |       ||     4
         Borgnjor's Vile C |       |       |       |       |     8 |   148 |    44 ||   200
         Arcjolt           |       |       |       |       |       |    82 |    50 ||   132
         Maxwell's Capacit |       |       |       |       |       |    35 |    67 ||   102
 Invoke: Oozemancy         |       |       |       |       |     1 |     2 |       ||     3
Ability: Hop               |     2 |     1 |     1 |     6 |    10 |       |       ||    20
  Evoke: Wand              |       |       |     2 |    15 |    10 |       |     3 ||    30
         Box of beasts     |       |       |       |       |     1 |     1 |       ||     2
         Tin of tremorston |       |       |       |       |     2 |       |     1 ||     3
    Use: Scroll            |     2 |     3 |     9 |    17 |    12 |     4 |    12 ||    59
         Potion            |       |       |     1 |    10 |    13 |     8 |     9 ||    41
   Stab: Sleeping          |       |     6 |    13 |     2 |     9 |     8 |       ||    38
         Distracted        |       |       |     1 |       |     2 |     1 |     2 ||     6
         Paralysed         |       |       |       |     4 |       |       |       ||     4
         Invisible         |       |       |       |       |       |     1 |       ||     1
         Petrified         |       |       |       |       |       |       |     3 ||     3
 Armour: Robe              |     1 |       |     2 |   223 |   212 |       |       ||   438
         Leather armour    |     7 |    38 |   198 |       |       |       |       ||   243
         Steam dragon scal |       |       |       |       |   191 |   383 |   111 ||   685
  Dodge: Dodged            |     9 |    65 |   250 |   375 |  1221 |  2152 |   659 ||  4731
  Block: Buckler           |       |       |       |       |   274 |  1223 |   650 ||  2147
         Reflection        |       |       |       |       |       |    27 |    60 ||    87

Table legend: (Time is in decaauts)
 A = Elapsed time spent in this place.
 B = Non-inter-level travel time spent in this place.
 C = Inter-level travel time spent in this place.
 D = Time resting spent in this place.
 E = Time spent auto-exploring this place.
 F = Levels seen in this place.
 G = Mean time per level.
                   A        B        C        D        E       F      G
               +--------+--------+--------+--------+--------+-----+--------+
         Total |  51084 |  47620 |   3464 |   2154 |  34306 |  46 | 1110.5 |
       Dungeon |  20582 |  19198 |   1384 |    441 |  15435 |  15 | 1372.1 |
        Temple |     88 |     88 |      0 |      0 |     69 |   1 |   88.0 |
          Lair |  14342 |  13256 |   1086 |   1296 |   9660 |   5 | 2868.4 |
        Shoals |   2711 |   2559 |    152 |    286 |   1427 |   4 |  677.8 |
   Spider Nest |   4088 |   3938 |    150 |     34 |   2357 |   4 | 1022.0 |
    Slime Pits |    951 |    786 |    165 |      0 |    678 |   5 |  190.2 |
  Orcish Mines |   1648 |   1299 |    349 |     30 |    898 |   2 |  824.0 |
   Elven Halls |   2697 |   2521 |    176 |     49 |   1701 |   3 |  899.0 |
         Abyss |   1699 |   1699 |      0 |      4 |    630 |   4 |  424.8 |
         Sewer |    676 |    676 |      0 |      0 |    529 |   1 |  676.0 |
       Ossuary |   1015 |   1015 |      0 |      2 |    667 |   1 | 1015.0 |
      Ice Cave |    581 |    581 |      0 |     12 |    251 |   1 |  581.0 |
               +--------+--------+--------+--------+--------+-----+--------+

Top non-repeatable levels by time:
  Lair:5: 4984 daAuts
  Lair:2: 3208 daAuts
     D:8: 2766 daAuts
  Lair:4: 2592 daAuts
     D:9: 2479 daAuts
  Lair:1: 1916 daAuts
     D:5: 1641 daAuts
  Lair:3: 1640 daAuts
    D:10: 1545 daAuts
     D:2: 1517 daAuts
     D:1: 1447 daAuts
   Elf:1: 1423 daAuts
     D:7: 1407 daAuts
    D:12: 1384 daAuts
   Orc:2: 1379 daAuts
